 Dungeon Crawl Stone Soup version 0.30-a0-46-g5a63ccc183 (webtiles) character file.

Game seed: 3876165791180311121

5700 ytrimaz the Transmogrifier (level 10, -2/69 HPs)
             Began as an Octopode Transmuter on Sept 1, 2022.
             Was a High Priest of Cheibriados.
             Slain by a two-headed ogre
             ... wielding a +0 giant club
              (24 damage)
             ... on level 9 of the Dungeon.
             The game lasted 00:13:46 (10143 turns).

ytrimaz the Transmogrifier (Octopode Transmuter)   Turns: 10143, Time: 00:13:47

Health: -2/69      AC: 16    Str: 25    XL:     10   Next: 76%
Magic:  16/22      EV: 15    Int: 35    God:    Cheibriados [*****.]
Gold:   466        SH:  0    Dex: 23    Spells: 16/26 levels left

rFire   x . .      SeeInvis .      - Unarmed
rCold   + + +      Faith    .    (shield currently unavailable)
rNeg    . . .      Spirit   .    (helmet currently unavailable)
rPois   +          Reflect  .    r - amulet of regeneration {@e2}
rElec   .          Harm     .    d - ring of resist corrosion
rCorr   +          Rampage  .    n - +4 ring of protection
Will    .....                    q - +6 ring of intelligence
Stlth   ++........               (no ring)
HPRegen 1.01/turn                (no ring)
MPRegen 0.18/turn                (no ring)
                                 (no ring)
                                 (no ring)

@: brilliant, ice-form, wereblooded, very slow
A: freezing attack, boosted hp, almost no armour, amphibious, 8 rings, large,
(camouflage 1), (gelatinous body 1), (nimble swimmer 1), (tentacles), (shaggy
fur 1), strong 1
a: End Transformation, Renounce Religion, Bend Time, Temporal Distortion,
Slouch, Step From Time


You were on level 9 of the Dungeon.
You worshipped Cheibriados.
Cheibriados was extremely pleased with you.
You were a creature of crystalline ice.
You visited 2 branches of the dungeon, and saw 10 of its levels.

You collected 466 gold pieces.


Innate Abilities, Weirdness & Mutations

You are a creature of crystalline ice.
You have a powerful freezing melee attack.
Your maximum health is increased.
Your armour is entirely melded.
You are incapable of wielding weapons or throwing items.
You cannot wear most types of armour.
You are amphibious.
You can wear up to eight rings at the same time.
((Your skin changes colour to match your surroundings (Stealth+).))
((Your rubbery body absorbs attacks. (AC +1, EV +1)))
((You are camouflaged when in or above water. (Stealth+)))
((You have tentacles for arms and can constrict up to eight enemies at once.))
((You are covered in fur. (AC +1)))
Your muscles are strong. (Str +4, Int/Dex -1)


   Skills:
 - Level 1.0 Fighting
 + Level 7.1 Dodging
 - Level 3.0 Unarmed Combat
 + Level 8.5 Spellcasting
 + Level 9.1 Transmutations
 - Level 5.0 Ice Magic
 - Level 4.0 Poison Magic
 - Level 2.1 Invocations


You had 16 spell levels left.
You knew the following spells:

 Your Spells              Type           Power      Damage    Failure   Level
a - Beastly Appendage     Tmut           100%       N/A       1%          1
b - Wereblood             Tmut           87%        N/A       1%          2
c - Spider Form           Tmut/Pois      74%        N/A       1%          3
d - Ice Form              Ice/Tmut       77%        N/A       1%          4

Your spell library contained the following spells:

 Spells                   Type           Power      Damage    Failure   Level
 Ensorcelled Hibernation  Hex/Ice        96%        N/A       1%          2
 Magic Dart               Conj           88%        1d7       3%          1
 Shock                    Conj/Air       88%        1d8       3%          1
 Call Imp                 Summ           22%        N/A       4%          2
 Scorch                   Fire           44%        2d7       4%          2
 Mephitic Cloud           Conj/Pois/Air  36%        N/A       4%          3
 Gell's Gravitas          Tloc           22%        N/A       9%          3
 Swiftness                Air            22%        N/A       9%          3
 Teleport Other           Tloc           22%        N/A       9%          3
 Airstrike                Air            11%        2d(2-18)  28%         4
 Anguish                  Hex/Necr       11%        N/A       28%         4
 Flame Wave               Conj/Fire      22%        2d8       28%         4
 Dispersal                Tloc           11%        N/A       99%         6
 Summon Cactus Giant      Summ           11%        N/A       99%         6

Inventory:

Missiles
 e - 51 stones {throwing}
 f - 2 throwing nets {=f!fthrowing}
 g - 3 poisoned darts {throwing}
 p - 3 curare-tipped darts {=fthrowing}
 s - 5 javelins {throwing}
Jewellery
 d - a ring of resist corrosion (left front paw)
   (You found it on level 4 of the Dungeon)
 n - a +4 ring of protection (right front paw)
   (You found it on level 5 of the Dungeon)
 q - a +6 ring of intelligence (on tentacle)
   (You found it on level 6 of the Dungeon)
 r - an amulet of regeneration (around neck) {@e2}
   (You found it on level 7 of the Dungeon)
Wands
 k - a wand of charming (11)
   (You took it off Ijyb on level 4 of the Dungeon)
 t - a wand of flame (20)
   (You found it on level 7 of the Dungeon)
Scrolls
 b - 4 scrolls of blinking {!r}
 i - 4 scrolls of teleportation {@r4}
 l - 2 scrolls of butterflies
 v - a scroll of amnesia {unknown}
Potions
 a - 2 potions of lignification {!q}
 c - 3 potions of curing {@q1}
 h - 2 potions of flight
 j - a potion of ambrosia
 m - a potion of mutation {!q}
 o - a potion of degeneration {!q@e2}
 u - a potion of attraction {!q}
 w - a potion of brilliance

Dungeon Overview and Level Annotations

Branches:
Dungeon (9/15) Zot: 40463  Temple (1/1) D:6 Zot: 8294    Lair (0/5) D:8
    Orc: D:9-12

Altars:
Ashenzari
Cheibriados
Dithmenos
Elyvilon
Fedhas
Gozag
Hepliaklqana
Kikubaaqudgha
Makhleb
Okawaru
Qazlal
Ru
Sif Muna
Trog
Uskayaw
Vehumet
Wu Jian
Xom
Yredelemnul
Zin
The Shining One

Shops:
D:4 ?   D:6 *   D:8 [

Annotations:
D:4 1 runed translucent door, Crazy Yiuf .PP

... #.# .).
♣♣♣♣)♣♣♣♣
♣..)≈)..♣
♣..♣♣♣♣W♣♣♣♣..♣
♣...†Oo...♣
#####Y#####
#...# ♣...♣


+>8<+ ♣...♣ #...# ##+## You could see a two-headed ogre, a wraith and an orc
warrior.


Message History

Unknown command.
It was a potion of brilliance.
You feel clever all of a sudden.
The troll barely misses you. x2; The troll claws you but does no damage. 😮 HP[+1] Unknown command.
Okay, then.
Unknown command.
You punch the troll! You freeze the troll. The troll barely misses you.
The troll claws you!
* * * LOW HITPOINT WARNING * * *
The troll barely misses you. 😨 HP[-7]
You take 7 damage, and now have 29/69 hp.
Unknown command.
You punch the troll! You freeze the troll.
You feel a bit better.
You kill the troll!
Cheibriados thoroughly appreciates the change of pace. 😨 HP[+2] MP[+1]
You regained 2 hp, and now have 31/69 hp.
Unknown command.
Unknown command.
A centaur comes into view.
The bullfrog closely misses you.
There is an open door here. 😨 HP[+1] Unknown command.
You punch the two-headed ogre! You freeze the two-headed ogre.
The bullfrog closely misses you.
The two-headed ogre hits you with a +0 giant club!
* * * LOW HITPOINT WARNING * * *
The two-headed ogre hits you with a +0 giant club!
* * * LOW HITPOINT WARNING * * *
😱 HP[-19]
You take 19 damage, and now have 13/69 hp.
MASSIVE DAMAGE!! (PAUSE)
You hit the two-headed ogre. You freeze the two-headed ogre.
The bullfrog barely misses you. The bullfrog closely misses you.
The bullfrog hits you but does no damage. 😱 HP[+1] Unknown command.
You hit the two-headed ogre. You freeze the two-headed ogre.
You howl as the wereblood boils in your veins!
The bullfrog hits you but does no damage.
The two-headed ogre barely misses you. The two-headed ogre closely misses you.
The bullfrog closely misses you.
The bullfrog barely misses you. 😱 HP[+1] MP[+1] Unknown command.
Okay, then.
Activating: Slouch (43% risk of failure)
Press: ? - help, Dir - look around, f - activate You fail to use your ability.
The bullfrog hits you but does no damage.
The bullfrog misses you.
A wight comes into view. It is wielding a +0 war axe.
The two-headed ogre misses you. The two-headed ogre closely misses you.
The bullfrog closely misses you. 😱 HP[+1] Unknown command.
Unknown command.
Unknown command.
Unknown command.
Unknown command.
Activating: Slouch (43% risk of failure)
Press: ? - help, Dir - look around, f - activate You fail to use your ability.
The bullfrog hits you but does no damage.
The bullfrog closely misses you.
The bullfrog hits you but does no damage. 😱 HP[+1] Unknown command.
Activating: Slouch (43% risk of failure)
Press: ? - help, Dir - look around, f - activate You fail to use your ability.
The bullfrog misses you. The two-headed ogre misses you.
The two-headed ogre completely misses you.
The bullfrog misses you.
The bullfrog barely misses you. 😨 HP[+1] Unknown command.
Activating: Slouch (43% risk of failure)
Press: ? - help, Dir - look around, f - activate You can feel time thicken for a moment.
You feel a bit better.
You kill the bullfrog!
Cheibriados thoroughly appreciates the change of pace.
You feel a bit better.
You kill the bullfrog!
Cheibriados thoroughly appreciates the change of pace.
You kill the centaur!
Cheibriados thoroughly appreciates the change of pace.
You kill the orc priest!
Cheibriados thoroughly appreciates the change of pace.
Cheibriados appreciates the change of pace.
Reactivating autopickup.
You feel a bit more experienced.
You destroy the wight!
Cheibriados thoroughly appreciates the change of pace.
Cheibriados lowers the support of your attributes as your movement quickens.
The two-headed ogre barely misses you.
The two-headed ogre hits you with a +0 giant club!!
You die...

Skill      XL: |  1  2  3  4  5  6  7  8  9 10 |
---------------+-------------------------------+-----
Dodging        | 3 5 7 |  7.1
Invocations    | 1 2 |  2.1
Poison Magic   | 1 2 3 4 |  4.0
Spellcasting   | 3 4 6 7 8 |  8.5
Transmutations | 3 4 6 7 9 |  9.1
Ice Magic      | 1 4 5 |  5.0
Fighting       | |  1.0
Unarmed Combat | |  3.0

Action                   |  1- 3 |  4- 6 |  7- 9 | 10-12 || total
-------------------------+-------+-------+-------+-------++-------
Melee: Unarmed           |    81 |   117 |   270 |    79 ||   547
       Constrict         |    23 |     7 |     1 |       ||    31
       Kick              |    16 |     1 |       |       ||    17
       Tentacles         |     9 |     7 |       |       ||    16
       Punch             |     1 |       |       |       ||     1
 Cast: Beastly Appendage |    17 |     1 |       |       ||    18
       Spider Form       |     1 |    22 |    14 |       ||    37
       Wereblood         |     1 |     2 |     4 |     1 ||     8
       Ice Form          |       |       |    18 |     8 ||    26
Invok: Bend Time         |       |       |     3 |     3 ||     6
       Temporal Distorti |       |       |     1 |     1 ||     2
       Slouch            |       |       |       |     1 ||     1
  Use: Scroll            |     3 |     5 |     6 |       ||    14
       Potion            |       |     1 |     2 |     1 ||     4
 Stab: Sleeping          |     6 |     5 |     1 |     1 ||    13
Armor: Skin              |     7 |     8 |   150 |    42 ||   207
Dodge: Dodged            |    52 |   119 |   279 |    97 ||   547

Levels and vault maps discovered:
D:1:      onia_arrival_mini_spirals, layout_loops_ring,
          dreamdust_ecumenical_altar_grove
D:2:      layout_basic, minmay_rat_hole
D:3:      layout_loops_ring, due_unseen_surprise
D:4:      layout_basic, serial_shops, shop_statue, uniq_crazy_yiuf_cottage,
          uniq_ijyb
D:5:      layout_layer_cave, hex_medium
D:6:      layout_basic, minmay_temple_entry_arrows, serial_shops,
          nicolae_shop_advertising_works [nicolae_subvault_shop_adworks],
          uniq_eustachio, uniq_menkaure
D:7:      layout_rooms, kennysheep_little_box, serial_undead, serial_undead_e,
          serial_undead_e, serial_undead_c, serial_undead_a
D:8:      layout_gridville, david_lair_generic, serial_shops,
          nicolae_shop_hallway_stairs, kennysheep_small_square, uniq_maurice
D:9:      nzn_winding_woodlands_stair_cross [nzn_winding_woodlands_5x15_zeroes,
          nzn_winding_woodlands_center_garden, nzn_winding_woodlands_5x15_eye,
          nzn_winding_woodlands_5x5_default, nzn_winding_woodlands_5x5_default,
          nzn_winding_woodlands_5x15_split_checker,
          nzn_winding_woodlands_center_diamonds,
          nzn_winding_woodlands_5x15_concentric], layout_irregular_city,
          kennysheep_kite_vault, uniq_pikel, uniq_joseph
Temple:   mainiacjoe_temple_big_plus

Notes
Turn   | Place    | Note
-------+----------+-------------------------------------------
     0 | D:1      | ytrimaz the Octopode Transmuter began the quest for the
                  | Orb.
     0 | D:1      | Reached XP level 1. HP: 13/13 MP: 3/3
     0 | D:1      | magus.rc [v1.9.6]
   233 | D:1      | Found a faded altar of an unknown god.
   247 | D:1      | Reached XP level 2. HP: 12/18 MP: 5/5
   248 | D:1      | Prayed at the altar of an unknown god.
   248 | D:1      | Became a worshipper of Cheibriados the Contemplative
   248 | D:1      | Reached * piety under Cheibriados
   566 | D:1      | Reached skill level 3 in Dodging
   782 | D:1      | Reached skill level 1 in Invocations
   782 | D:1      | Reached XP level 3. HP: 12/23 MP: 4/6
  1394 | D:1      | Reached skill level 2 in Invocations
  1468 | D:2      | Reached ** piety under Cheibriados
  1475 | D:2      | Learned a level 2 spell: Wereblood
  1479 | D:2      | Learned a level 3 spell: Spider Form
  1616 | D:2      | Reached skill level 1 in Poison Magic
  1640 | D:2      | You pick up a book of Dreams and begin reading...
  1640 | D:2      | You add the spells Ensorcelled Hibernation and Anguish to
                  | your library.
  1703 | D:2      | Reached XP level 4. HP: 28/28 MP: 3/7
  1754 | D:2      | Reached skill level 2 in Poison Magic
  1967 | D:2      | You add the spells Gell's Gravitas, Teleport Other and
                  | Dispersal to your library.
  2156 | D:2      | You pick up a book of Minor Magic and begin reading...
  2156 | D:2      | You add the spells Magic Dart, Call Imp and Mephitic Cloud
                  | to your library.
  2158 | D:2      | You pick up a book of Air and begin reading...
  2158 | D:2      | You add the spells Shock, Swiftness and Airstrike to your
                  | library.
  2608 | D:3      | Reached *** piety under Cheibriados
  2909 | D:3      | Reached XP level 5. HP: 33/33 MP: 4/8
  3148 | D:3      | Reached skill level 3 in Poison Magic
  3705 | D:4      | Noticed Ijyb
  3723 | D:4      | Noticed a phantom
  3731 | D:4      | Killed Ijyb
  3732 | D:4      | Reached XP level 6. HP: 27/38 MP: 6/10
  3737 | D:4      | Reached skill level 3 in Spellcasting
  3737 | D:4      | Reached skill level 3 in Transmutations
  3737 | D:4      | Reached skill level 4 in Poison Magic
  3839 | D:4      | Learned a level 4 spell: Ice Form
  3879 | D:4      | Reached **** piety under Cheibriados
  4014 | D:4      | Reached skill level 1 in Ice Magic
  4225 | D:4      | Found a runed translucent door.
  4226 | D:4      | Noticed Crazy Yiuf
  4592 | D:4      | Reached XP level 7. HP: 38/43 MP: 9/12
  4665 | D:4      | Reached skill level 2 in Ice Magic
  4925 | D:4      | Found Ithreanwu's Magic Scroll Emporium.
  5259 | D:4      | Reached skill level 4 in Transmutations
  5259 | D:4      | Reached skill level 3 in Ice Magic
  5620 | D:5      | Entered Level 5 of the Dungeon
  5774 | D:5      | Reached skill level 4 in Spellcasting
  6068 | D:5      | You pick up a book of Scorching and begin reading...
  6068 | D:5      | You add the spells Scorch, Flame Wave and Summon Cactus
                  | Giant to your library.
  6084 | D:5      | Reached skill level 4 in Ice Magic
  6521 | D:6      | Reached XP level 8. HP: 19/48 MP: 12/14
  6754 | D:6      | Found Pouwno's Assorted Antiques.
  6772 | D:6      | Found a staircase to the Ecumenical Temple.
  6796 | Temple   | Entered the Ecumenical Temple
  7227 | D:6      | Reached skill level 5 in Ice Magic
  7439 | D:6      | Reached skill level 5 in Transmutations
  7531 | D:6      | Reached skill level 5 in Spellcasting
  7729 | D:6      | Noticed Eustachio
  7741 | D:6      | Killed Eustachio
  7990 | D:6      | Noticed Menkaure
  7997 | D:6      | HP: 11/57 [??? (8)]
  8000 | D:6      | Killed Menkaure
  8438 | D:7      | Reached skill level 6 in Transmutations
  8446 | D:7      | Reached skill level 6 in Spellcasting
  8446 | D:7      | Reached XP level 9. HP: 50/53 MP: 16/18
  8488 | D:7      | You pick up a book of Minor Magic and begin reading...
  8585 | D:7      | Gained mutation: Your muscles are strong. (Str +4, Int/Dex
                  | -1) [potion of mutation]
  8585 | D:7      | Gained mutation: You are covered in fur. (AC +1) [potion of
                  | mutation]
  8613 | D:7      | Reached ***** piety under Cheibriados
  8798 | D:7      | Reached skill level 4 in Dodging
  8816 | D:7      | Reached skill level 7 in Transmutations
  8998 | D:7      | Found a blossoming altar of Fedhas.
  9107 | D:8      | Reached skill level 7 in Spellcasting
  9122 | D:8      | Reached skill level 5 in Dodging
  9287 | D:8      | Reached XP level 10. HP: 56/58 MP: 15/21
  9291 | D:8      | Reached skill level 8 in Transmutations
  9308 | D:8      | Reached skill level 6 in Dodging
  9380 | D:8      | Found a staircase to the Lair.
  9380 | D:8      | Noticed an elephant
  9400 | D:8      | Killed an elephant
  9401 | D:8      | Reached skill level 8 in Spellcasting
  9751 | D:8      | Noticed Maurice
  9760 | D:8      | Killed Maurice
  9856 | D:8      | Found Aghun's Armour Boutique.
 10022 | D:8      | Reached skill level 7 in Dodging
 10022 | D:8      | Reached skill level 9 in Transmutations
 10121 | D:9      | Noticed a two-headed ogre
 10137 | D:9      | HP: 13/69 [two-headed ogre/+0 giant club (10)]
 10143 | D:9      | Slain by a two-headed ogre

Vanquished Creatures
  An elephant (D:8)
  Maurice (D:8)
  A troll (D:9)
  6 yaks (D:8)
  A wyvern (D:8)
  Eustachio (D:6)
  Menkaure (D:6)
  An acid dragon (D:8)
  A water moccasin (D:8)
  2 hornet zombies (D:7)
  2 ice beasts (D:7)
  2 black bears (D:8)
  An orc warrior (D:6)
  An ogre (D:5)
  2 centaurs
  3 phantoms (D:4)
  A kobold brigand (D:8)
  7 bullfrogs
  A necrophage (D:5)
  A wyvern zombie (D:7)
  A scorpion (D:6)
  11 wights
  6 killer bees (D:8)
  4 howler monkeys
  2 bullfrog zombies (D:7)
  A centaur zombie (D:7)
  2 hounds
  A gnoll bouda (D:4)
  3 orc priests
  A jelly (D:6)
  4 iguanas
  4 orc wizards
  Ijyb (D:4)
  3 howler monkey zombies (D:7)
  13 gnolls
  3 adders (D:4)
  A shadow imp (D:8)
  A white imp (D:6)
  An ufetubus (D:4)
  A worm (D:5)
  4 dart slugs
  21 orcs
  5 endoplasms
  5 giant cockroaches
  6 goblins
  2 hobgoblins (D:1)
  3 jackals (D:3)
  2 quokkas
  8 ball pythons
  3 bats
  A frilled lizard (D:1)
  7 kobolds
  25 rats
193 creatures vanquished.

Vanquished Creatures (collateral kills)
  A giant cockroach (D:3)
1 creature vanquished.

Vanquished Creatures (others)
  2 fungi (D:1)
  5 plants (D:9)
7 creatures vanquished.

Grand Total: 201 creatures vanquished

Table legend:
 A = Non-vault XP
 B = Vault XP
 C = Vault XP percentage of total XP
 D = Non-vault monster count
 E = Vault monster count
 F = Vault count percentage of total count
                 A         B        C        D         E       F
            +---------+---------+-------+---------+---------+-------
      Total |    5070 |    3519 |  41.0 |     146 |      48 |  24.7
            +---------+---------+-------+---------+---------+-------
        D:1 |      56 |       0 |   0.0 |      24 |       0 |   0.0
        D:2 |      69 |      20 |  22.5 |      10 |      19 |  65.5
        D:3 |      92 |       0 |   0.0 |      21 |       0 |   0.0
        D:4 |     667 |      36 |   5.1 |      32 |       1 |   3.0
        D:5 |     249 |       0 |   0.0 |       4 |       0 |   0.0
        D:6 |     697 |     369 |  34.6 |      18 |       2 |  10.0
        D:7 |     696 |     831 |  54.4 |      13 |      13 |  50.0
        D:8 |    2544 |    1415 |  35.7 |      24 |       5 |  17.2
        D:9 |       0 |     848 | 100.0 |       0 |       8 | 100.0
            +---------+---------+-------+---------+---------+-------

Illustrated notes

Table legend:
 A = Kills in this place as a percentage of kills in entire the game.
 B = Kills by you in this place as a percentage of kills by you in the entire game.
 C = Kills by friends in this place as a percentage of kills by friends in the entire game.
 D = Other kills in this place as a percentage of other kills in the entire game.
 E = Experience gained in this place as a percentage of experience gained in the entire game.
 F = Experience gained in this place divided by the number of levels of this place that you have seen.
                   A       B       C       D       E      F
               +-------+-------+-------+-------+-------+----------------------
         Total | 100.0 | 100.0 | 100.0 |   N/A | 100.0 | 858.9
       Dungeon | 100.0 | 100.0 | 100.0 |   N/A | 100.0 | 954.3
               +-------+-------+-------+-------+-------+----------------------

Table legend: (Time is in decaauts)
 A = Elapsed time spent in this place.
 B = Non-inter-level travel time spent in this place.
 C = Inter-level travel time spent in this place.
 D = Time resting spent in this place.
 E = Time spent auto-exploring this place.
 F = Levels seen in this place.
 G = Mean time per level.
                   A        B        C        D        E       F      G
               +--------+--------+--------+--------+--------+-----+--------+
         Total |  13977 |  13523 |    454 |    211 |  11522 |  10 | 1397.7 |
       Dungeon |  13271 |  12874 |    397 |    211 |  10885 |   9 | 1474.6 |
        Temple |    706 |    650 |     56 |      0 |    637 |   1 |  706.0 |
               +--------+--------+--------+--------+--------+-----+--------+

Top non-repeatable levels by time:
     D:4: 2577 daAuts
     D:6: 2122 daAuts
     D:1: 1623 daAuts
     D:3: 1594 daAuts
     D:8: 1583 daAuts
     D:2: 1440 daAuts
     D:5: 1308 daAuts
     D:7: 985 daAuts
  Temple: 706 daAuts
     D:9: 35 daAuts
